SAA
LANCASTER FARMERS @ TACOMA FUR TRADERS
06/24/2024
 
TOP OF THE 1ST
Lancaster Farmers batting - Pitching for Tacoma Fur Traders : RHP Kevin Porter
Pitching: RHP Kevin Porter
Batting: SHB Orlando Miranda 0-0: SINGLE (Groundball, 15) (infield hit)
Batting: RHB Carl Bryant 0-0: Called Strike
Orlando Miranda steals 2nd base
0-1: Foul Ball, location: 2F
0-2: Ball
1-2: Foul Ball, location: 2F
1-2: DOUBLE (Line Drive, 78M)
Orlando Miranda scores
Batting: RHB Ricardo Pacheco 0-0: Ball
1-0: Foul Ball, location: 2F
1-1: Foul Ball, location: 2F
1-2: Ball
2-2: Foul Ball, location: 2F
2-2: Foul Ball, location: 2F
2-2: Foul Ball, location: 2F
2-2: Foul Ball, location: 2F
2-2: SINGLE (Groundball, 4MD)
Carl Bryant to third
Runner from 3rd tries for Home, SAFE, no throw or cutoff
Batting: LHB Rob Wilson 0-0: Ball
Wild Pitch!
Ricardo Pacheco to second
1-0: Foul Ball, location: 2F
1-1: Ball
2-1: Ball
3-1: Foul Ball, location: 2F
3-2: Strikes out swinging
Batting: RHB Barkley B. Cooltimes 0-0: Foul Ball, location: 2F
0-1: Swinging Strike
0-2: Ball
1-2: Strikes out looking
Batting: RHB António Jiménez 0-0: Foul Ball, location: 2F
0-1: Foul Ball, location: 2F
0-2: Ground out 4-3 (Groundball, 4)
Top of the 1st over - 2 run(s), 3 hit(s), 0 error(s), 1 left on base; Lancaster 2 - Tacoma 0
BOTTOM OF THE 1ST
Tacoma Fur Traders batting - Pitching for Lancaster Farmers : RHP Paco Peña
Pitching: RHP Paco Peña
Batting: RHB Arturo Rodríguez 0-0: Ball
1-0: Swinging Strike
1-1: Ball
2-1: Foul Ball, location: 2F
2-2: Strikes out swinging
Batting: RHB Rex Long 0-0: Ground out 1-3 (Groundball, 13S)
Batting: LHB Michael Whorton 0-0: Foul Ball, location: 2F
0-1: Ball
1-1: Fly out, F7 (Line Drive, 78M)
Bottom of the 1st over - 0 run(s), 0 hit(s), 0 error(s), 0 left on base; Lancaster 2 - Tacoma 0
TOP OF THE 2ND
Lancaster Farmers batting - Pitching for Tacoma Fur Traders : RHP Kevin Porter
Batting: LHB Ramón Gómez 0-0: Foul Ball, location: 2F
0-1: Ball
1-1: Ball
2-1: Foul Ball, location: 2F
2-2: Ball
3-2: Base on Balls
Batting: RHB Henry Womack 0-0: Called Strike
0-1: Foul Ball, location: 2F
0-2: Ball
1-2: Grounds into double play, 4-6-3 (Groundball, 4)
Batting: RHB Rodrigo Velasco 0-0: Foul Ball, location: 2F
0-1: Called Strike
0-2: Foul Ball, location: 2F
0-2: Ground out 4-3 (Groundball, 4)
Top of the 2nd over - 0 run(s), 0 hit(s), 0 error(s), 0 left on base; Lancaster 2 - Tacoma 0
BOTTOM OF THE 2ND
Tacoma Fur Traders batting - Pitching for Lancaster Farmers : RHP Paco Peña
Batting: RHB Andy Moore 0-0: Ball
1-0: Ball
2-0: Foul Ball, location: 2F
2-1: Fly out, F9 (Flyball, 9S)
Batting: RHB Jenkins Hall 0-0: Called Strike
0-1: Swinging Strike
0-2: Ball
1-2: Strikes out swinging
Batting: LHB Jim Unknown 0-0: Called Strike
0-1: Called Strike
0-2: Strikes out swinging
Bottom of the 2nd over - 0 run(s), 0 hit(s), 0 error(s), 0 left on base; Lancaster 2 - Tacoma 0
TOP OF THE 3RD
Lancaster Farmers batting - Pitching for Tacoma Fur Traders : RHP Kevin Porter
Batting: SHB Orlando Miranda 0-0: Ball
1-0: Ball
2-0: Foul Ball, location: 2F
2-1: Ball
3-1: DOUBLE (Line Drive, 8RXD)
Batting: RHB Carl Bryant 0-0: Ball
1-0: SINGLE (Groundball, 5L)
Orlando Miranda to third
Runner from 3rd tries for Home, throw and OUT!
Carl Bryant to second
Batting: RHB Ricardo Pacheco 0-0: Ball
1-0: Ball
2-0: Ball
3-0: Called Strike
3-1: Foul Ball, location: 2F
3-2: Strikes out swinging
Batting: LHB Rob Wilson 0-0: Ground out 4-3 (Groundball, 4)
Top of the 3rd over - 0 run(s), 2 hit(s), 0 error(s), 1 left on base; Lancaster 2 - Tacoma 0
BOTTOM OF THE 3RD
Tacoma Fur Traders batting - Pitching for Lancaster Farmers : RHP Paco Peña
Batting: RHB Rubén Alvarado 0-0: Ball
1-0: Ball
2-0: Called Strike
2-1: Ball
3-1: Fly out, F9 (Flyball, 89M)
Batting: RHB Jim Unknown 0-0: Ball
1-0: Foul Ball, location: 2F
1-1: Ball
2-1: Foul Ball, location: 2F
2-2: Ground out 2-3 (Groundball, 2L)
Batting: RHB Iván Rodríguez 0-0: Called Strike
0-1: Ball
1-1: Ball
2-1: Foul Ball, location: 2F
2-2: Ball
3-2: Base on Balls
Batting: RHB Arturo Rodríguez 0-0: Ball
1-0: Ball
2-0: Foul Ball, location: 2F
2-1: Ball
3-1: Fielders Choice at 2nd, 6-4 (Groundball, 6)
Bottom of the 3rd over - 0 run(s), 0 hit(s), 0 error(s), 0 left on base; Lancaster 2 - Tacoma 0
TOP OF THE 4TH
Lancaster Farmers batting - Pitching for Tacoma Fur Traders : RHP Kevin Porter
Batting: RHB Barkley B. Cooltimes 0-0: Called Strike
0-1: Foul Ball, location: 2F
0-2: Ball
1-2: Foul Ball, location: 2F
1-2: Strikes out looking
Batting: RHB António Jiménez 0-0: Called Strike
0-1: Ball
1-1: Called Strike
1-2: Ball
2-2: Ball
3-2: Base on Balls
Batting: LHB Ramón Gómez 0-0: Called Strike
0-1: Called Strike
0-2: Ball
1-2: Ball
2-2: Ball
3-2: Base on Balls
António Jiménez to second
Batting: RHB Henry Womack 0-0: Fly out, F9 (Flyball, 9D)
Runner from 2nd tags up, SAFE at 3rd, no throw
Batting: RHB Rodrigo Velasco 0-0: Called Strike
0-1: Ball
1-1: Fielders Choice at 2nd, 5-4 (Groundball, 56)
Top of the 4th over - 0 run(s), 0 hit(s), 0 error(s), 1 left on base; Lancaster 2 - Tacoma 0
BOTTOM OF THE 4TH
Tacoma Fur Traders batting - Pitching for Lancaster Farmers : RHP Paco Peña
Batting: RHB Rex Long 0-0: Ball
1-0: Called Strike
1-1: Ground out 6-3 (Groundball, 6M)
Batting: LHB Michael Whorton 0-0: Ground out 6-3 (Groundball, 6)
Batting: RHB Andy Moore 0-0: Ball
1-0: Swinging Strike
1-1: Ball
2-1: Swinging Strike
2-2: Strikes out swinging
Bottom of the 4th over - 0 run(s), 0 hit(s), 0 error(s), 0 left on base; Lancaster 2 - Tacoma 0
TOP OF THE 5TH
Lancaster Farmers batting - Pitching for Tacoma Fur Traders : RHP Kevin Porter
Batting: SHB Orlando Miranda 0-0: Ball
1-0: SINGLE (Line Drive, 8LS)
Batting: RHB Carl Bryant 0-0: Called Strike
Orlando Miranda steals 2nd base
0-1: Ball
1-1: Foul Ball, location: 2F
1-2: Foul Ball, location: 2F
1-2: Ball
2-2: Ball
3-2: Foul Ball, location: 2F
3-2: Foul Ball, location: 2F
3-2: SINGLE (Line Drive, 6MD)
Orlando Miranda to third
Batting: RHB Ricardo Pacheco 0-0: Ball
1-0: Foul Ball, location: 2F
1-1: Ball
2-1: Ball
3-1: Base on Balls
Carl Bryant to second
Batting: LHB Rob Wilson 0-0: Foul Ball, location: 2F
0-1: Swinging Strike
0-2: Grounds out, U3 (Groundball, 3L)
Orlando Miranda scores
Carl Bryant to third
Batting: RHB Barkley B. Cooltimes 0-0: Ball
1-0: Called Strike
1-1: DOUBLE (Line Drive, 7M)
Carl Bryant scores
Ricardo Pacheco scores
Batting: RHB António Jiménez 0-0: Ball
1-0: Swinging Strike
1-1: Called Strike
1-2: Foul Ball, location: 2F
1-2: Strikes out looking
Batting: LHB Ramón Gómez 0-0: Called Strike
0-1: Ball
1-1: Swinging Strike
1-2: Strikes out swinging
Top of the 5th over - 3 run(s), 3 hit(s), 0 error(s), 1 left on base; Lancaster 5 - Tacoma 0
BOTTOM OF THE 5TH
Tacoma Fur Traders batting - Pitching for Lancaster Farmers : RHP Paco Peña
Batting: RHB Jenkins Hall 0-0: Hit by Pitch
Batting: LHB Jim Unknown 0-0: Ball
1-0: Swinging Strike
1-1: Called Strike
1-2: Ground out 4-3 (Groundball, 4M)
Jenkins Hall to second
Batting: RHB Rubén Alvarado 0-0: Ball
1-0: Foul Ball, location: 2F
1-1: Ball
2-1: Foul Ball, location: 2F
2-2: SINGLE (Groundball, 5L)
Jenkins Hall to third
Runner from 3rd tries for Home, SAFE, throw made home
Rubén Alvarado to second
Batting: RHB Jim Unknown 0-0: Called Strike
0-1: Ball
Rubén Alvarado steals 3rd base
1-1: Swinging Strike
1-2: Strikes out swinging
Batting: RHB Iván Rodríguez 0-0: Called Strike
0-1: Ball
1-1: Ball
2-1: Foul Ball, location: 2F
2-2: Ball
3-2: Foul Ball, location: 2F
3-2: Strikes out swinging
Bottom of the 5th over - 1 run(s), 1 hit(s), 0 error(s), 1 left on base; Lancaster 5 - Tacoma 1
TOP OF THE 6TH
Lancaster Farmers batting - Pitching for Tacoma Fur Traders : RHP Kevin Porter
Batting: RHB Henry Womack 0-0: Ball
1-0: Called Strike
1-1: Called Strike
1-2: Strikes out looking
Batting: RHB Rodrigo Velasco 0-0: Ball
1-0: Swinging Strike
1-1: SINGLE (Line Drive, 6M)
Pitching: RHP Francisco Luevanos
Batting: SHB Orlando Miranda 0-0: SINGLE (Line Drive, 3L)
Rodrigo Velasco to second
Runner from 2nd tries for 3rd, SAFE, throw made to third
Batting: RHB Carl Bryant 0-0: Ball
1-0: Ball
2-0: Foul Ball, location: 2F
2-1: Foul Ball, location: 2F
2-2: Foul Ball, location: 2F
2-2: Foul Ball, location: 2F
2-2: Fly out, F8 (Flyball, 8RXD)
Runner from 3rd tags up, SCORES, no throw
Batting: RHB Ricardo Pacheco 0-0: Swinging Strike
0-1: Ball
1-1: Ball
Orlando Miranda steals 2nd base
2-1: SINGLE (Line Drive, 34D)
Orlando Miranda to third
Runner from 3rd tries for Home, SAFE, no throw or cutoff
Batting: LHB Rob Wilson 0-0: Ball
1-0: Ball
2-0: Called Strike
2-1: Swinging Strike
2-2: Ball
3-2: Foul Ball, location: 2F
3-2: Strikes out swinging
Top of the 6th over - 2 run(s), 3 hit(s), 0 error(s), 1 left on base; Lancaster 7 - Tacoma 1
BOTTOM OF THE 6TH
Tacoma Fur Traders batting - Pitching for Lancaster Farmers : RHP Paco Peña
Batting: RHB Arturo Rodríguez 0-0: Swinging Strike
0-1: Foul Ball, location: 2F
0-2: Fly out, F6 (Popup, 6M)
Batting: RHB Rex Long 0-0: Called Strike
0-1: Ball
1-1: Swinging Strike
1-2: Strikes out swinging
Batting: LHB Michael Whorton 0-0: Ball
1-0: Called Strike
1-1: Swinging Strike
1-2: Fly out, F7 (Line Drive, 78M)
Bottom of the 6th over - 0 run(s), 0 hit(s), 0 error(s), 0 left on base; Lancaster 7 - Tacoma 1
TOP OF THE 7TH
Lancaster Farmers batting - Pitching for Tacoma Fur Traders : RHP Francisco Luevanos
Batting: RHB Barkley B. Cooltimes 0-0: Ball
1-0: Ball
2-0: Foul Ball, location: 2F
2-1: Swinging Strike
2-2: Strikes out swinging
Batting: RHB António Jiménez 0-0: Ball
1-0: Called Strike
1-1: Ground out 6-3 (Groundball, 6M)
Batting: LHB Ramón Gómez 0-0: Ball
1-0: Ball
2-0: Called Strike
2-1: Foul Ball, location: 2F
2-2: Ball
3-2: Strikes out swinging
Top of the 7th over - 0 run(s), 0 hit(s), 0 error(s), 0 left on base; Lancaster 7 - Tacoma 1
BOTTOM OF THE 7TH
Tacoma Fur Traders batting - Pitching for Lancaster Farmers : RHP Paco Peña
Batting: RHB Andy Moore 0-0: Called Strike
0-1: Foul Ball, location: 2F
0-2: Ground out 4-3 (Groundball, 4)
Batting: RHB Jenkins Hall 0-0: Ball
1-0: Called Strike
1-1: Swinging Strike
1-2: Foul Ball, location: 2F
1-2: Foul Ball, location: 2F
1-2: Fly out, F6 (Popup, 6MS)
Batting: LHB Jim Unknown 0-0: Called Strike
0-1: Ball
1-1: Fly out, F1 (Line Drive, 13S)
Bottom of the 7th over - 0 run(s), 0 hit(s), 0 error(s), 0 left on base; Lancaster 7 - Tacoma 1
TOP OF THE 8TH
Lancaster Farmers batting - Pitching for Tacoma Fur Traders : RHP Francisco Luevanos
Batting: RHB Henry Womack 0-0: Ball
1-0: Called Strike
1-1: Ball
2-1: Swinging Strike
2-2: SINGLE (Groundball, 5D)
Pitching: RHP Pete Elliott
Batting: RHB Rodrigo Velasco 0-0: Sac Bunt - play at first, batter OUT! 5-4
Henry Womack to second
Batting: SHB Orlando Miranda 0-0: Foul Ball, location: 2F
0-1: Swinging Strike
0-2: Ball
1-2: Ball
2-2: Strikes out looking
Batting: RHB Carl Bryant 0-0: Ball
1-0: Fly out, F6 (Popup, 6D)
Top of the 8th over - 0 run(s), 1 hit(s), 0 error(s), 1 left on base; Lancaster 7 - Tacoma 1
BOTTOM OF THE 8TH
Tacoma Fur Traders batting - Pitching for Lancaster Farmers : RHP Paco Peña
Batting: RHB Rubén Alvarado 0-0: Ball
1-0: Ball
2-0: Called Strike
2-1: Swinging Strike
2-2: Foul Ball, location: 2F
2-2: Fly out, F8 (Flyball, 89M)
Batting: RHB Jim Unknown 0-0: Ball
1-0: Ground out 2-3 (Groundball, 25)
Batting: RHB Iván Rodríguez 0-0: Fly out, F7 (Flyball, 78D)
Bottom of the 8th over - 0 run(s), 0 hit(s), 0 error(s), 0 left on base; Lancaster 7 - Tacoma 1
TOP OF THE 9TH
Lancaster Farmers batting - Pitching for Tacoma Fur Traders : RHP Pete Elliott
Batting: RHB Ricardo Pacheco 0-0: Foul Ball, location: 2F
0-1: Ball
1-1: Called Strike
1-2: Ball
2-2: Foul Ball, location: 2F
2-2: Foul Ball, location: 2F
2-2: Ball
3-2: Foul Ball, location: 2F
3-2: Strikes out swinging
Batting: LHB Rob Wilson 0-0: Ball
1-0: Ball
2-0: Foul Ball, location: 2F
2-1: Swinging Strike
2-2: Ball
3-2: Base on Balls
Batting: RHB Barkley B. Cooltimes 0-0: Called Strike
0-1: DOUBLE (Line Drive, 8LM)
Rob Wilson to third
Batting: RHB António Jiménez 0-0: Ball
1-0: Foul Ball, location: 2F
1-1: Ball
2-1: Foul Ball, location: 2F
2-2: Ball
3-2: Foul Ball, location: 2F
3-2: Fly out, F7 (Line Drive, 78M)
Runner from 3rd tags up, SCORES, throw made
Batting: LHB Ramón Gómez 0-0: Ball
1-0: TRIPLE (Flyball, 78M)
Barkley B. Cooltimes scores
Batting: RHB Henry Womack Balk!
Ramón Gómez scores
0-0: Foul Ball, location: 2F
0-1: Swinging Strike
0-2: Foul Ball, location: 2F
0-2: Ball
1-2: Strikes out swinging
Top of the 9th over - 3 run(s), 2 hit(s), 0 error(s), 0 left on base; Lancaster 10 - Tacoma 1
BOTTOM OF THE 9TH
Tacoma Fur Traders batting - Pitching for Lancaster Farmers : RHP Paco Peña
Now at 2B: Eric Howard
Batting: RHB Arturo Rodríguez 0-0: Called Strike
0-1: Called Strike
0-2: Ball
1-2: Ball
2-2: DOUBLE (Line Drive, 8LD)
Pitching: RHP Rubén Madrid
Batting: RHB Rex Long 0-0: Ball
1-0: Called Strike
1-1: Foul Ball, location: 2F
1-2: SINGLE (Groundball, 56D)
Arturo Rodríguez to third
Runner from 3rd tries for Home, SAFE, no throw or cutoff
Batting: LHB Michael Whorton 0-0: Called Strike
0-1: Ball
1-1: Ball
2-1: Ball
3-1: Foul Ball, location: 2F
3-2: Fielders Choice at 2nd, 1-6 (Groundball, 15S)
Batting: RHB Andy Moore 0-0: Ball
1-0: Called Strike
1-1: Called Strike
1-2: Ball
2-2: Ball
3-2: Base on Balls
Michael Whorton to second
Batting: RHB Jenkins Hall 0-0: Called Strike
0-1: Foul Ball, location: 2F
0-2: Ball
1-2: Foul Ball, location: 2F
1-2: Ball
2-2: Foul Ball, location: 2F
2-2: Ball
3-2: Foul Ball, location: 2F
3-2: Strikes out looking
Batting: LHB Jim Unknown 0-0: Ball
1-0: Foul Ball, location: 2F
1-1: Called Strike
1-2: Foul Ball, location: 2F
1-2: Foul Ball, location: 2F
1-2: Ball
2-2: Ball
3-2: Strikes out looking
Bottom of the 9th over - 1 run(s), 2 hit(s), 0 error(s), 2 left on base; Lancaster 10 - Tacoma 2
This league is powered by Out of the Park Baseball, the baseball management simulation game for PC, Mac and Linux
Monday, October 3rd, 2016 - OOTP Baseball 16.9 Build 39